 Dungeon Crawl Stone Soup version 0.23-a0-444-g76343ca (webtiles) character file.

7368 tatocazan the Cleaver (level 10, -1/83 HPs)
             Began as a Demonspawn Fighter on Nov 16, 2018.
             Was a High Priest of Okawaru.
             Slain by an eight-headed hydra (6 damage)
             ... on level 11 of the Dungeon.
             The game lasted 00:22:30 (11498 turns).

tatocazan the Cleaver (Demonspawn Fighter)         Turns: 11498, Time: 00:22:31

Health: -1/83      AC: 19    Str: 17    XL:     10   Next: 91%
Magic:  10/17      EV: 11    Int: 10    God:    Okawaru [*****.]
Gold:   414        SH: 12    Dex: 19    Spells: 9/9 levels left

rFire    + + +     SeeInvis .   H - +4 flail (venom)
rCold    + . .     Gourm    .   c - +1 shield
rNeg     + . .     Faith    .   w - +0 scale mail of Amelioration {rPois rF++ Dex+4}
rPois    +         Spirit   .   (no helmet)
rElec    .         Reflect  .   (no cloak)
rCorr    .         Harm     .   i - +1 pair of gloves
MR       .....                  (no boots)
Stlth    ++........             n - amulet of regeneration
HPRegen  0.63/turn              J - ring of positive energy
MPRegen  0.15/turn              z - ring of protection from fire

@: heroism, finesse, sanguine armour
A: cold resistance 1, demonic guardian 1, freezing cloud immunity, sanguine
armour 2
a: Heroism, Finesse, Renounce Religion


You were on level 11 of the Dungeon.
You worshipped Okawaru.
Okawaru was extremely pleased with you.
You were not hungry.

You visited 1 branch of the dungeon, and saw 11 of its levels.
You also visited: Sewer.

You collected 653 gold pieces.
You spent 239 gold pieces at shops.

Inventory:

Hand Weapons
 a - a +1 war axe
 F - a +5 war axe
 G - a +0 whip
 H - a +4 flail of venom (weapon)
Missiles
 B - 2 javelins (quivered)
Armour
 b - a +0 scale mail
 c - a +1 shield (worn)
 i - a +1 pair of gloves (worn)
 w - the +0 scale mail of Amelioration (worn) {rPois rF++ Dex+4}
   (You found it on level 5 of the Dungeon)

   It affects your dexterity (+4).
   It greatly protects you from fire.
   It protects you from poison.
Jewellery
 k - an uncursed ring of resist corrosion
 n - an amulet of regeneration (around neck)
 r - an uncursed amulet of the gourmand
 t - a +3 ring of strength
 z - a ring of protection from fire (right hand)
 A - a +4 ring of strength
 J - a ring of positive energy (left hand)
Wands
 e - a wand of disintegration (13)
 j - a wand of flame (54)
 o - a wand of acid (7)
 q - a wand of random effects (17)
 x - a wand of iceblast (13)
 C - a wand of polymorph (6)
Scrolls
 d - 2 scrolls of identify
 h - 2 scrolls of enchant armour
 p - a scroll of blinking
 v - 3 scrolls of enchant weapon
 y - 3 scrolls of immolation
 I - 2 scrolls of amnesia
Potions
 g - a potion of cancellation
 l - 4 potions of mutation
 m - 2 potions of agility
 s - 3 potions of curing
 u - a potion of magic
 D - a potion of berserk rage {unknown}
Miscellaneous
 E - a fan of gales
Comestibles
 f - 19 rations


   Skills:
 + Level 9.2(14.2) Fighting
 * Level 11.2(16.2) Axes
 * Level 2.7(7.7) Armour
 + Level 0.0(5.0) Dodging
 + Level 2.7(7.7) Shields
 + Level 9.9 Invocations


You had 9 spell levels left.
You didn't know any spells.
Your spell library contained the following spells:

 Spells                   Type           Power        Failure   Level  Hunger
 Animate Skeleton         Necr           N/A          95%         1    ##.....
 Apportation              Tloc           #.....       95%         1    ##.....
 Confusing Touch          Hex            #.....       95%         1    ##.....
 Infusion                 Chrm           #...         95%         1    ##.....
 Summon Small Mammal      Summ           #...         95%         1    ##.....
 Shroud of Golubria       Chrm/Tloc      #.........   99%         2    ###....
 Song of Slaying          Chrm           #.......     99%         2    ###....
 Regeneration             Chrm/Necr      #.........   100%        3    ####...
 Spectral Weapon          Hex/Chrm       #.......     100%        3    ####...


Dungeon Overview and Level Annotations

Branches:
Dungeon (11/15)            Temple (0/1) D:4
   Lair: D:8-11         Orc: D:9-12

Altars:
Dithmenos
Elyvilon
Fedhas
Hepliaklqana
Kikubaaqudgha
Nemelex Xobeh
Okawaru
Ru
Xom
Yredelemnul
Zin
The Shining One

Shops:
D:5 *   D:10 *

Annotations:
D:3 exclusion: oklob plant


Innate Abilities, Weirdness & Mutations

Your flesh is cold resistant. (rC+)
A weak demonic guardian rushes to your aid.
You are immune to freezing clouds.
When seriously injured, your bleeding wounds create thick armour. (AC +9)


Message History

The eight-headed hydra completely misses you.
The eight-headed hydra bites you but does no damage.
You take 4 damage, and have 23/83 hp.
You sock the eight-headed hydra!
The eight-headed hydra is severely wounded.
The bullfrog hits your iron imp.
Your iron imp dies!
You barely miss the eight-headed hydra.
The eight-headed hydra is severely wounded.
The eight-headed hydra closely misses you.
The eight-headed hydra bites you!
* * * LOW HITPOINT WARNING * * *
The eight-headed hydra bites you but does no damage.
The eight-headed hydra bites you.
* * * LOW HITPOINT WARNING * * *
The eight-headed hydra barely misses you.
The eight-headed hydra bites you.
* * * LOW HITPOINT WARNING * * *
The eight-headed hydra bites you.
You die...

#......... ###.........
########### #>....>...##
#..(......# ###...........
#.........# #.'.........##
#...).....# #.#.........# ##
#.........# ##.#.........#
.#####.........####..#.........#
FD..##..F.รท....#@...##.........#
###..#..D..<...#D#####.........#
##..h........#h# #.........#
###.........F.# ###+#######
#.........### #####....## ####.#
.... . ...#


You could see an eight-headed hydra, a bullfrog and a hound.

Vanquished Creatures
  Snorg (D:10)
  A tengu warrior (D:10)
  Psyche (D:10)
  2 hippogriffs
  Grum (D:10)
  Edmund (D:7)
  Menkaure (D:6)
  3 ice beasts
  3 sky beasts
  2 black bears (D:10)
  A necrophage (D:9)
  3 wolves (D:10)
  A phantom (D:4)
  2 centaurs (D:10)
  2 ogres (D:8)
  7 big kobolds (Sewer)
  5 bullfrogs
  4 scorpions
  3 wights (D:9)
  6 crimson imps
  2 orc priests
  2 hounds
  2 bullfrog skeletons
  11 orc wizards
  An iguana (D:11)
  8 worker ants
  A hound skeleton (D:4)
  A worker ant zombie (D:6)
  12 adders
  5 river rats
  6 oozes
  2 adder zombies
  An adder skeleton (D:5)
  6 worms
  3 dart slugs
  3 leopard geckos
  27 orcs
  7 bats
  5 giant cockroaches
  6 goblins
  6 hobgoblins
  7 jackals
  12 kobolds
  6 quokkas
  6 ball pythons
  9 frilled lizards
  A quokka skeleton (D:9)
  A quokka zombie (D:10)
  13 rats
222 creatures vanquished.

Vanquished Creatures (collateral kills)
  An ugly thing (D:8)
  Joseph (D:10)
  A komodo dragon (D:10)
  A sky beast (D:5)
  An orc warrior (D:8)
  A bullfrog (D:10)
  A scorpion (D:8)
  A wight (D:6)
  2 centaur skeletons
  An orc wizard (D:8)
  A worker ant zombie (D:6)
  An adder (D:8)
  A shadow imp (D:6)
  5 orcs
  2 jackals (D:6)
  A quokka (D:9)
22 creatures vanquished.

Vanquished Creatures (others)
  15 toadstools (D:3)
15 creatures vanquished.

Grand Total: 259 creatures vanquished

Notes
Turn   | Place    | Note
-------+----------+-------------------------------------------
     0 | D:1      | tatocazan the Demonspawn Fighter began the quest for the
                  | Orb.
     0 | D:1      | Reached XP level 1. HP: 18/18 MP: 1/1
    97 | D:1      | Reached skill level 2 in Axes
   152 | D:1      | Gained mutation: Your flesh is cold resistant. (rC+)
                  | [demonic ancestry]
   152 | D:1      | Reached XP level 2. HP: 22/24 MP: 2/2
   266 | D:1      | Found an iron altar of Okawaru.
   273 | D:1      | Became a worshipper of Warmaster Okawaru
   965 | D:2      | Reached XP level 3. HP: 29/29 MP: 3/3
   978 | D:2      | Found an iron altar of Okawaru.
  1156 | D:2      | Reached skill level 3 in Axes
  1583 | D:2      | Gained mutation: When seriously injured, your bleeding
                  | wounds create armour. (AC +9) [demonic ancestry]
  1583 | D:2      | Reached XP level 4. HP: 31/37 MP: 4/4
  1619 | D:2      | Noticed a sky beast
  2149 | D:2      | Killed a sky beast
  2149 | D:2      | Reached skill level 4 in Axes
  2149 | D:2      | Gained mutation: You are immune to freezing clouds.
                  | [demonic ancestry]
  2149 | D:2      | Reached XP level 5. HP: 18/42 MP: 5/5
  2470 | D:2      | Found a glowing silver altar of Zin.
  2566 | D:3      | Found a white marble altar of Elyvilon.
  2709 | D:3      | Reached XP level 6. HP: 26/49 MP: 6/6
  3176 | D:3      | Reached skill level 5 in Axes
  3811 | D:3      | Found a sparkling altar of Nemelex Xobeh.
  3829 | D:3      | Found a blossoming altar of Fedhas.
  3846 | D:3      | Noticed an oklob plant
  3900 | D:3      | Found a shadowy altar of Dithmenos.
  4027 | D:4      | Noticed Edmund
  4127 | D:4      | Reached * piety under Okawaru
  4249 | D:4      | Reached skill level 5 in Fighting
  4392 | D:4      | Reached skill level 1 in Invocations
  4392 | D:4      | Reached XP level 7. HP: 56/56 MP: 7/7
  4497 | D:4      | Found a glowing drain.
  4515 | Sewer    | Entered a sewer
  4637 | Sewer    | Reached skill level 6 in Axes
  5036 | Sewer    | Gained mutation: A weak demonic guardian rushes to your
                  | aid. [demonic ancestry]
  5036 | Sewer    | Reached XP level 8. HP: 62/64 MP: 10/10
  5174 | D:4      | Found a staircase to the Ecumenical Temple.
  5336 | D:5      | Entered Level 5 of the Dungeon
  5397 | D:5      | Reached skill level 7 in Axes
  5543 | D:5      | Found Anlutite's Assorted Antiques.
  5550 | D:5      | Bought a blue potion for 23 gold pieces
  5550 | D:5      | Bought a lumpy orange potion for 23 gold pieces
  5550 | D:5      | Bought a blue potion for 23 gold pieces
  5778 | D:5      | Reached ** piety under Okawaru
  6130 | D:5      | Got an ancient scale mail
  6141 | D:5      | Identified the cursed +0 scale mail of Amelioration {rPois
                  | rF++ Dex+4} (You found it on level 5 of the Dungeon)
  6154 | D:6      | Found a basalt altar of Yredelemnul.
  6156 | D:6      | Noticed Menkaure
  6237 | D:6      | Found a transporter.
  6239 | D:6      | Found a transporter.
  6258 | D:6      | Found an ancient bone altar of Kikubaaqudgha.
  6318 | D:6      | Killed Menkaure
  6389 | D:6      | Reached skill level 5 in Invocations
  6673 | D:6      | Reached skill level 8 in Axes
  7295 | D:7      | Killed Edmund
  7295 | D:7      | Reached XP level 9. HP: 45/71 MP: 13/13
  8190 | D:8      | Reached *** piety under Okawaru
  8298 | D:8      | Was placed under penance by Okawaru
  8488 | D:8      | Noticed a purple ugly thing
  8500 | D:8      | Killed a purple ugly thing
  8500 | D:8      | Was forgiven by Okawaru
  8500 | D:8      | Reached skill level 9 in Axes
  9273 | D:8      | Found a glowing golden altar of the Shining One.
  9705 | D:9      | Gained mutation: When seriously injured, your bleeding
                  | wounds create thick armour. (AC +9) [demonic ancestry]
  9705 | D:9      | Reached XP level 10. HP: 74/80 MP: 16/16
  9789 | D:9      | Reached skill level 10 in Axes
  9864 | D:9      | Found a shimmering altar of Xom.
  9865 | D:9      | Found a hazy altar of Hepliaklqana.
  9865 | D:9      | Noticed a hell beast
  9866 | D:9      | Noticed a hell beast
 10049 | D:10     | Entered Level 10 of the Dungeon
 10066 | D:10     | Noticed Grum
 10088 | D:10     | Killed Grum
 10143 | D:10     | Reached **** piety under Okawaru
 10175 | D:10     | Noticed Psyche
 10182 | D:10     | Killed Psyche
 10209 | D:10     | Noticed Joseph
 10228 | D:10     | Killed Joseph
 10449 | D:10     | Found a sacrificial altar of Ru.
 10691 | D:10     | Noticed Snorg
 10845 | D:10     | Killed Snorg
 10845 | D:10     | Reached ***** piety under Okawaru
 10845 | D:10     | Reached skill level 11 in Axes
 10929 | D:10     | Found Qujip's Assorted Antiques.
 10937 | D:10     | Bought a notched opal ring for 170 gold pieces
 11058 | D:10     | Noticed a tengu warrior
 11075 | D:10     | Killed a tengu warrior
 11194 | D:11     | Noticed an eight-headed hydra
 11194 | D:11     | Noticed a brown ugly thing
 11498 | D:11     | Slain by an eight-headed hydra

Vault maps used:
D:1:      lemuel_arrival_funnel, okawaru_ov_weapons_minmay
D:2:      minmay_diamond_boxcup, old_standard_altar, zin_academy
D:3:      lemuel_round_altar, overflow_temple_1_default,
          nemelex_xobeh_ov_fountains_minmay, chequers_arboretum, tgw_fedhas
D:4:      minmay_temple_entry_glassed_door, first_ration,
          gup_sewer_entry_bubbles, minmay_a_box_with_orc_wizards_in_it,
          uniq_edmund
D:5:      serial_shops, shop
D:6:      gammafunk_temple_of_torment, serial_bayou_pond_d, minmay_crystal_room
D:8:      nicolae_tso_swordbearing_angel, minmay_microvault
D:9:      regret_index_temple_of_mockery
D:10:     serial_shops, shop, grunt_tengu_nest, nicolae_ru_sacrificial_ziggurat,
          uniq_grum, uniq_psyche, uniq_snorg, uniq_joseph
D:11:     dpeg_oklobed_lair, lemuel_old_faithful
Sewer:    sewer_co_tree

Skill      XL: |  1  2  3  4  5  6  7  8  9 10 |
---------------+-------------------------------+-----
Axes           | 2 3 4 5 6 8 9 11 | 11.2
Fighting       | 4 5 6 8 9 |  9.2
Invocations    | 1 3 5 8 9 |  9.9
Armour         | |  2.7
Shields        | |  2.7

Action                   |  1- 3 |  4- 6 |  7- 9 | 10-12 || total
-------------------------+-------+-------+-------+-------++-------
Melee: War axe           |   132 |   203 |   604 |   124 ||  1063
       Flail             |       |       |       |     7 ||     7
Throw: Javelin           |       |       |       |     1 ||     1
Invok: Heroism           |       |       |     5 |     6 ||    11
       Finesse           |       |       |       |     1 ||     1
  Use: Scroll            |     1 |     2 |    16 |     3 ||    22
       Potion            |       |     1 |     2 |     2 ||     5
 Stab: Distracted        |       |       |     2 |     5 ||     7
       Sleeping          |       |       |       |     1 ||     1
  Eat: Chunk             |     2 |    10 |    18 |     6 ||    36
Armor: Scale mail        |    80 |    86 |   192 |    48 ||   406
Dodge: Dodged            |    41 |    59 |   123 |    47 ||   270
Block: Shield            |    82 |   110 |   281 |   101 ||   574

Table legend:
 A = Non-vault XP
 B = Vault XP
 C = Vault XP percentage of total XP
 D = Non-vault monster count
 E = Vault monster count
 F = Vault count percentage of total count
                 A         B        C        D         E       F
            +---------+---------+-------+---------+---------+-------
      Total |    5850 |    4676 |  44.4 |     185 |      59 |  24.2
            +---------+---------+-------+---------+---------+-------
        D:1 |      27 |       0 |   0.0 |      16 |       0 |   0.0
        D:2 |     110 |     172 |  61.0 |      22 |      10 |  31.2
        D:3 |     198 |       0 |   0.0 |      29 |       0 |   0.0
        D:4 |     219 |      73 |  25.0 |      10 |       7 |  41.2
        D:5 |     249 |       0 |   0.0 |      12 |       0 |   0.0
        D:6 |     515 |     208 |  28.8 |      20 |       4 |  16.7
        D:7 |     375 |     132 |  26.0 |       9 |       1 |  10.0
        D:8 |    1473 |      90 |   5.8 |      33 |       1 |   2.9
        D:9 |    1264 |       0 |   0.0 |      18 |       0 |   0.0
       D:10 |    1370 |    3216 |  70.1 |      14 |       8 |  36.4
       D:11 |      50 |       0 |   0.0 |       2 |       0 |   0.0
      Sewer |       0 |     785 | 100.0 |       0 |      28 | 100.0
            +---------+---------+-------+---------+---------+-------
